 Dungeon Crawl Stone Soup version 0.18-a0-1353-gf2a912f (webtiles) character file.

106995 Arkorax the Warrior (level 16, -4/112 HPs)
             Began as a Gargoyle Fighter on Feb 18, 2016.
             Was the Champion of Makhleb.
             Slain by a deep elf knight
             ... wielding a cursed +0 scimitar
              (11 damage)
             ... on level 2 of the Orcish Mines on Feb 19, 2016.
             The game lasted 00:47:00 (25898 turns).

Arkorax the Warrior (Gargoyle Fighter)             Turns: 25898, Time: 00:47:00

Health: -4/112     AC:  5    Str: 28    XL:     16   Next: 45%
Magic:  22/22      EV: 10    Int: 11    God:    Makhleb [******]
Gold:   2391       SH:  0    Dex: 13    Spells: 0 memorised, 15 levels left

rFire  + . .     SeeInvis .     O - +11 executioner's axe "Hekamm" {chop, rElec Dex+2}
rCold  . . .     Gourm    .     S - +0 plate armour
rNeg   + . .     Faith    .     (shield currently unavailable)
rPois  ∞         Spirit   .     T - +1 hat {Int+3}
rElec  +         Dismiss  .     (no cloak)
rCorr  .         Reflect  .     W - +1 pair of gloves
SustAt .         Harm     .     (no boots)
MR     +....                    (no amulet)
Stlth  ..........               Y - +3 ring of slaying
                                r - ring of protection from fire

@: corroded equipment, flying, somewhat resistant to hostile enchantments,
extremely unstealthy
A: big wings, talons 2, negative energy resistance 1, electricity resistance,
strong 1, unbreathing, petrification resistance, rot immunity, AC +11
a: Stop Flying, Minor Destruction, Lesser Servant of Makhleb, Major Destruction,
Greater Servant of Makhleb, Renounce Religion


You were on level 2 of the Orcish Mines.
You worshipped Makhleb.
Makhleb was exalted by your worship.
You were not hungry.

You visited 4 branches of the dungeon, and saw 26 of its levels.
You also visited: Sewer.

You collected 2481 gold pieces.
You spent 90 gold pieces at shops.

Inventory:

Hand Weapons
 d - the +10 dark maul {crush}
   (You found it on level 14 of the Dungeon)

   It inflicts extra damage upon your enemies.
 O - the +11 executioner's axe "Hekamm" (weapon) {chop, rElec Dex+2}
   (You acquired it on level 14 of the Dungeon)

   It inflicts extra damage upon your enemies.
   It affects your dexterity (+2).
   It insulates you from electricity.
 R - a +2 battleaxe
Armour
 S - a +0 plate armour (worn)
 T - a +1 hat of intelligence (worn)
 W - a +1 pair of gloves (worn)
Jewellery
 a - an uncursed ring of positive energy
 i - an uncursed ring of see invisible
 r - a ring of protection from fire (left hand)
 G - an uncursed ring of resist corrosion
 J - the ring of the Four Wishes {AC+3 Int+3}
   (You found it on level 8 of the Lair of Beasts)

   [ring of protection]

   It affects your AC (+3).
   It affects your intelligence (+3).
 Y - a +3 ring of slaying (right hand)
Wands
 k - a wand of hasting (6/9)
 q - a wand of teleportation (0/9)
 t - a wand of teleportation (2/9)
 z - a wand of teleportation (0/9)
 L - a wand of hasting (6/9)
 P - a wand of lightning (1/15)
 V - a wand of paralysis (2/24)
 X - a wand of digging (2/24)
Scrolls
 e - 3 scrolls of teleportation
 g - 4 scrolls of recharging
 h - 10 scrolls of remove curse
 j - 4 scrolls of enchant weapon
 o - 3 scrolls of blinking
 u - 5 scrolls of fear
 w - 8 scrolls of magic mapping
 y - a scroll of fog
 D - 3 scrolls of identify
 N - a scroll of amnesia
 Z - a scroll of enchant armour
Potions
 c - 2 potions of magic
 l - 3 potions of haste
 p - 4 potions of heal wounds
 v - 8 potions of curing
 C - 7 potions of brilliance
 E - 2 potions of might
 F - a potion of ambrosia
 I - 2 potions of agility
 K - 3 potions of cure mutation {unknown}
 M - a potion of berserk rage {unknown}
 U - a potion of cancellation
Books
 f - a book of Dreams

   Spells                             Type                      Level
   a - Ensorcelled Hibernation        Hexes/Ice                    2
   b - Silence                        Hexes/Air                    5
   c - Darkness                       Hexes                        6
   d - Mass Confusion                 Hexes                        6
   e - Shadow Creatures               Summoning                    6
 x - a book of Flames

   Spells                             Type                      Level
   a - Flame Tongue                   Conjuration/Fire             1
   b - Throw Flame                    Conjuration/Fire             2
   c - Conjure Flame                  Conjuration/Fire             3
   d - Inner Flame                    Hexes/Fire                   3
   e - Sticky Flame                   Conjuration/Fire             4
   f - Fireball                       Conjuration/Fire             5
 B - a book of Burglary

   Spells                             Type                      Level
   a - Swiftness                      Charms/Air                   2
   b - Passwall                       Transmutation/Earth          2
   c - Passage of Golubria            Translocation                4
   d - Lee's Rapid Deconstruction     Earth                        5
   e - Darkness                       Hexes                        6
   f - Invisibility                   Hexes                        6
Miscellaneous
 n - a legendary deck of changes
Comestibles
 b - 2 beef jerkies
 m - 5 bread rations
 s - 5 meat rations
 H - 38 fruits
 Q - 3 slices of pizza


   Skills:
 + Level 17.5 Fighting
 - Level 17.0 Axes
 * Level 2.1(12.5) Maces & Flails
 - Level 11.0 Armour
 - Level 4.9 Dodging
   Level 3.2 Shields
 + Level 8.9 Invocations


You had 15 spell levels left.
You didn't know any spells.

Dungeon Overview and Level Annotations

Branches:
Dungeon (15/15)            Temple (1/1) D:7            Lair (8/8) D:10
  Swamp (0/4) Lair:4       Spider (0/4) Lair:4        Slime (0/6) Lair:6
    Orc (2/2) D:10         Vaults (0/5) D:13         Depths (0/5) D:15
    Elf: Orc:2

Altars:
Ashenzari
Dithmenos
Elyvilon
Fedhas
Gozag
Kikubaaqudgha
Makhleb
Nemelex Xobeh
Okawaru
Pakellas
Sif Muna
Trog
Vehumet
Xom
Yredelemnul
Zin
The Shining One

Shops:
D:4 *   D:10 (   D:12 }   Orc:1 ?   Orc:2 ?*

Annotations:
D:9 Leszczynek's ghost, novice TrMo
Lair:6 exclusion: oklob plant


Innate Abilities, Weirdness & Mutations

You are resistant to torment.
Your stone body is resilient (AC +11).
You are immune to poison.
Your large and strong wings let you fly indefinitely.
You resist negative energy.
You are resistant to electric shocks.
You can survive without breathing.
You are immune to petrification.
You are immune to rotting.
You have razor-sharp toenails.
Your muscles are strong. (Str +2)


Message History

a mace; a plate armour; an orc corpse Your surroundings suddenly seem different.
Found a stone staircase leading up.
A deep elf knight comes into view. It is wielding a scimitar.
You slice the deep elf knight!!
The deep elf knight is heavily wounded.
The deep elf knight hits you with a scimitar.
You barely miss the deep elf knight. Your kick misses the deep elf knight.
The deep elf knight is heavily wounded.
The deep elf knight points at you and mumbles some strange words.
The stone arrow hits you!
* * * LOW HITPOINT WARNING * * *
You closely miss the deep elf knight. You claw the deep elf knight.
The deep elf knight is severely wounded.
The deep elf knight hits you with a scimitar!!
* * * LOW HITPOINT WARNING * * *
You slash the deep elf knight! Your kick misses the deep elf knight.
The deep elf knight is almost dead.
The deep elf knight hits you with a scimitar!
You die...

## .###.
......
......
#....##
##.......
##........
#.@e......
#.....##..
#....###
#<....
#.....#
###....
#.....
##.....


You could see a deep elf knight.

Vanquished Creatures
  Gastronok (Lair:1)
  Maud (Lair:5)
  A fire dragon (D:14)
  Erolcha (D:9)
  The ghost of braks the Destroyer, a journeyman DrCj of Vehumet (Lair:1)
  3 catoblepae
  5 hydras
  A death knight (D:15)
  2 ogre magi (D:15)
  19 death yaks
  A tengu warrior (D:10)
  An orc high priest (Orc:2)
  Sonja (Lair:2)
  Nergalle (Lair:2)
  A fire crab (D:13)
  A skeletal warrior (D:13)
  2 wizards (D:14)
  2 unseen horrors
  6 hill giants
  3 orc knights
  A lindwurm (Lair:6)
  A wolf spider zombie (D:12)
  15 deep elf magi
  An orc sorcerer (D:15)
  10 ugly things
  4 manticores
  2 cyclopes
  10 elephants
  2 griffons (Lair:8)
  A sixfirhy (Orc:2)
  A naga mage (D:15)
  8 black mambas
  Psyche (D:8)
  3 gargoyles
  A smoke demon (Orc:2)
  15 spiny frogs
  A centaur skeleton (D:10)
  A redback zombie (D:14)
  3 kobold demonologists
  8 komodo dragons
  2 demonic crawlers (D:15)
  A freezing wraith (D:14)
  A red devil (Orc:2)
  A tengu conjurer (D:10)
  2 polar bears (Lair:6)
  7 trolls
  6 two-headed ogres (D:15)
  A hornet zombie (D:15)
  21 blink frogs
  8 slime creatures
  3 redbacks (Lair:4)
  3 shadows (D:14)
  A vampire (D:15)
  Sigmund (D:5)
  2 water elementals (D:15)
  36 yaks
  A wraith (D:15)
  2 basilisks
  5 wyverns
  A yak (shapeshifter) (D:14)
  16 humans (D:13)
  Eustachio (D:5)
  4 hungry ghosts
  13 vampire mosquitoes
  12 hippogriffs
  8 wolves
  An insubstantial wisp (Lair:2)
  Duvessa (D:5)
  18 porcupines
  22 water moccasins
  2 black bears
  3 ice beasts
  A sky beast (D:5)
  2 wasps
  22 orc warriors
  Purgy (Sewer)
  2 phantoms
  19 crocodiles
  25 ogres
  12 centaurs
  2 big kobolds
  26 giant frogs
  A wyvern zombie (D:14)
  Dowan (D:5)
  2 water moccasin skeletons
  4 wyvern skeletons
  6 killer bees
  7 electric eels
  13 wights
  5 crimson imps
  5 centaur zombies
  2 giant frog zombies
  6 jellies
  A quasit (D:7)
  18 orc priests
  A gnoll shaman (D:6)
  4 hounds
  5 iguanas
  8 worker ants
  15 orc wizards
  9 sheep
  A hound skeleton (D:4)
  A worker ant zombie (D:5)
  9 gnolls
  9 adders
  61 river rats
  3 shadow imps
  2 oozes
  An adder zombie (D:10)
  5 worms
  7 giant geckos
  71 orcs
  9 giant cockroaches
  8 goblins
  10 hobgoblins
  13 jackals
  4 quokkas
  7 ball pythons
  6 bats
  A giant gecko zombie (D:6)
  7 giant newts
  7 kobolds
  A quokka skeleton (D:5)
  A quokka zombie (D:9)
  7 rats
  10 fungi
  6 plants
841 creatures vanquished.

Vanquished Creatures (collateral kills)
  A deep elf knight (D:14)
  A deep elf mage (D:14)
  A cyclops (D:14)
  2 vampire mosquitoes (D:14)
5 creatures vanquished.

Vanquished Creatures (others)
  A fulminant prism (Lair:1)
  5 fungi
  3 plants
9 creatures vanquished.

Grand Total: 855 creatures vanquished

Notes
Turn   | Place    | Note
--------------------------------------------------------------
     0 | D:1      | Arkorax the Gargoyle Fighter began the quest for the Orb.
     0 | D:1      | Reached XP level 1. HP: 14/14 MP: 1/1
    40 | D:1      | Reached XP level 2. HP: 10/19 MP: 2/2
   185 | D:1      | Found a shattered altar of Ashenzari.
  1019 | D:2      | Reached XP level 3. HP: 24/24 MP: 3/3
  1134 | D:2      | Reached skill level 4 in Fighting
  1228 | D:2      | Found a faded altar to an unknown god.
  1274 | D:2      | Reached XP level 4. HP: 26/29 MP: 4/4
  1663 | D:3      | Found a glowing drain.
  1724 | Sewer    | Entered a sewer
  1951 | Sewer    | Noticed Purgy
  1959 | Sewer    | Killed Purgy
  1959 | Sewer    | Reached XP level 5. HP: 19/34 MP: 5/5
  2473 | D:4      | Reached XP level 6. HP: 25/40 MP: 6/6
  2473 | D:4      | Reached skill level 5 in Fighting
  2767 | D:4      | Got a bloodstained leather armour
  2778 | D:4      | Identified the cursed +1 leather armour "Yjoeh" {+Inv Dex+6} (You found it on level 4 of the Dungeon)
  3204 | D:4      | Found an opulent altar of Gozag.
  3205 | D:4      | Found Gozag's Platinum Reserve.
  3969 | D:4      | Reached XP level 7. HP: 42/44 MP: 7/7
  4225 | D:5      | Entered Level 5 of the Dungeon
  4291 | D:5      | Noticed Eustachio
  4294 | D:5      | Reached skill level 6 in Fighting
  4294 | D:5      | Reached skill level 5 in Axes
  4294 | D:5      | Reached skill level 5 in Armour
  4325 | D:5      | Killed Eustachio
  4675 | D:5      | Noticed Duvessa
  4677 | D:5      | Noticed Dowan
  4689 | D:5      | Killed Duvessa
  4689 | D:5      | Reached XP level 8. HP: 34/52 MP: 8/8
  4700 | D:5      | Killed Dowan
  4700 | D:5      | Reached skill level 7 in Fighting
  4990 | D:5      | Noticed Sigmund
  5000 | D:5      | Killed Sigmund
  5424 | D:5      | Reached skill level 8 in Fighting
  5712 | D:6      | Reached skill level 1 in Dodging
  5712 | D:6      | Reached XP level 9. HP: 33/59 MP: 9/9
  7237 | D:7      | Reached skill level 9 in Fighting
  7331 | D:7      | Found a staircase to the Ecumenical Temple.
  7358 | Temple   | Entered the Ecumenical Temple
  7365 | Temple   | Became a worshipper of Makhleb the Destroyer
  8151 | D:8      | Noticed Psyche
  8165 | D:8      | Killed Psyche
  8165 | D:8      | Reached skill level 10 in Fighting
  8165 | D:8      | Reached XP level 10. HP: 35/68 MP: 10/10
  9090 | D:8      | Found an iron altar of Okawaru.
  9093 | D:8      | Found an ancient bone altar of Kikubaaqudgha.
  9094 | D:8      | Found a blossoming altar of Fedhas.
  9094 | D:8      | Found an oddly glowing altar of Pakellas.
  9095 | D:8      | Found a radiant altar of Vehumet.
  9097 | D:8      | Found a shimmering altar of Xom.
  9098 | D:8      | Found a sparkling altar of Nemelex Xobeh.
  9202 | D:9      | Reached * piety under Makhleb
  9263 | D:9      | Found a shadowy altar of Dithmenos.
  9962 | D:9      | Noticed Leszczynek's ghost (novice TrMo)
 10439 | D:9      | Noticed Erolcha
 10471 | D:9      | Killed Erolcha
 10471 | D:9      | Reached skill level 11 in Fighting
 10703 | D:8      | Upgraded the game from 0.18-a0-1348-g32b6e23 to 0.18-a0-1353-gf2a912f
 11037 | D:10     | Entered Level 10 of the Dungeon
 11044 | D:10     | Noticed a gargoyle
 11066 | D:10     | Killed a gargoyle
 11084 | D:10     | Reached ** piety under Makhleb
 11452 | D:10     | Found an iron altar of Okawaru.
 11513 | D:10     | Noticed a hill giant
 11527 | D:10     | Killed a hill giant
 11527 | D:10     | Reached XP level 11. HP: 75/75 MP: 11/11
 11567 | D:10     | Found a staircase to the Orcish Mines.
 11631 | D:10     | Found Xyefoath's Antique Weapon Boutique.
 11740 | D:10     | Found a staircase to the Lair.
 11960 | D:10     | Reached skill level 10 in Axes
 12127 | D:10     | Reached *** piety under Makhleb
 12133 | Orc:1    | Entered Level 1 of the Orcish Mines
 12161 | Orc:1    | Found Raydin's Magic Scroll Shoppe.
 12255 | Orc:2    | Entered Level 2 of the Orcish Mines
 12664 | Lair:1   | Entered Level 1 of the Lair of Beasts
 12682 | Lair:1   | Noticed braks's ghost (journeyman DrCj)
 12685 | Lair:1   | Reached skill level 12 in Fighting
 13446 | D:11     | Noticed a hill giant
 13453 | D:11     | Killed a hill giant
 13483 | D:11     | Gained mutation: You have sharp toenails. [potion of beneficial mutation]
 13784 | D:11     | Noticed a hill giant
 13791 | D:11     | Killed a hill giant
 13836 | D:11     | Noticed a white ugly thing
 13836 | D:11     | Noticed a purple ugly thing
 14099 | D:10     | Noticed a tengu warrior
 14115 | D:10     | Killed a tengu warrior
 14128 | D:10     | Reached **** piety under Makhleb
 14152 | D:10     | Reached skill level 13 in Fighting
 14320 | Lair:1   | Reached XP level 12. HP: 45/84 MP: 12/12
 14462 | Lair:1   | Killed braks's ghost
 14966 | Lair:1   | Noticed Gastronok
 14984 | Lair:1   | Killed Gastronok
 15345 | Lair:2   | Noticed Sonja
 15348 | Lair:2   | Noticed Nergalle
 15384 | Lair:2   | Reached skill level 14 in Fighting
 15456 | Lair:2   | Killed Nergalle
 15523 | Lair:2   | Reached ***** piety under Makhleb
 15530 | Lair:2   | Killed Sonja
 15963 | Lair:3   | Reached XP level 13. HP: 82/91 MP: 13/13
 16763 | Lair:4   | Found a hole to the Spider Nest.
 17132 | Lair:4   | Found a staircase to the Swamp.
 17649 | Lair:5   | Reached ****** piety under Makhleb
 17649 | Lair:5   | Reached skill level 15 in Fighting
 17796 | Lair:5   | Gained mutation: Your muscles are strong. (Str +2) [potion of beneficial mutation]
 17797 | Lair:5   | Gained mutation: You have razor-sharp toenails. [potion of beneficial mutation]
 17984 | Lair:5   | Noticed Maud
 18002 | Lair:5   | Killed Maud
 18470 | Lair:6   | Reached skill level 10 in Armour
 18680 | Lair:6   | Found a staircase to the Slime Pits.
 18764 | Lair:6   | Gained mutation: Your large and strong wings let you fly indefinitely. [Gargoyle growth]
 18764 | Lair:6   | Reached XP level 14. HP: 83/98 MP: 14/14
 20603 | Lair:7   | Reached skill level 1 in Invocations
 20667 | Lair:7   | Reached skill level 16 in Fighting
 20823 | Lair:8   | Entered Level 8 of the Lair of Beasts
 21365 | Lair:8   | Reached skill level 15 in Axes
 21685 | Lair:8   | Reached XP level 15. HP: 105/105 MP: 18/18
 21931 | Lair:8   | Got a coiled bronze ring
 21996 | Lair:8   | Identified the ring of the Four Wishes {AC+3 Int+3} (You found it on level 8 of the Lair of Beasts)
 22577 | D:12     | Reached skill level 5 in Invocations
 22976 | D:12     | Found Ofoditruikim's Gadget Shop.
 23043 | D:13     | Found a gate to the Vaults.
 23747 | D:14     | Identified a scroll of acquirement
 23750 | D:14     | Got a translucent executioner's axe
 23751 | D:14     | Identified the +11 executioner's axe "Hekamm" {chop, rElec Dex+2} (You acquired it on level 14 of the Dungeon)
 24102 | D:14     | Found a flickering gateway to a bazaar.
 24213 | D:14     | Reached skill level 17 in Fighting
 24534 | D:15     | Entered Level 15 of the Dungeon
 24808 | D:15     | Reached XP level 16. HP: 112/112 MP: 21/21
 24870 | D:15     | Found a staircase to the Depths.
 25710 | Orc:2    | Found Koeheut's General Store.
 25750 | Orc:2    | Found Pag Asot's Magic Scroll Shop.
 25765 | Orc:2    | Reached skill level 1 in Maces & Flails
 25810 | Orc:2    | Bought a scroll of enchant armour for 90 gold pieces
 25898 | Orc:2    | Slain by a deep elf knight

Vault maps used:
D:1:      dpeg_arrival_windows_large_door, nicolae_ashenzari_panopticon
D:2:      ecumenical_altar_1
D:3:      gup_sewer_entry_pipe, first_bread
D:4:      nicolae_gozag_zags_fifth_avenue, kennysheep_nub
D:5:      uniq_duvessa, uniq_eustachio, uniq_sigmund
D:6:      grunt_ministairs_5
D:7:      temple_statues
D:8:      minitemple, blue_anna_alchemist, uniq_psyche
D:9:      basic_altar, uniq_erolcha
D:10:     lair_0_dummy, david_orc_3, serial_shops, nicolae_shop_crystal,
          basic_altar
D:12:     serial_shops, shop
D:13:     david_vaults_3, stair_cage_line
D:14:     serial_shops, bzr_entry_water, hangedman_abyss_or_decor_stabs,
          minivault_12
D:15:     grunt_enter_depths_magical_seal, hangedman_decor_lopped,
          einodemon_crawler_minivault
Temple:   nicolae_temple_x_marks_the_god
Lair:1:   grunt_forest_large_clearings, uniq_gastronok
Lair:2:   pond, uniq_nergalle, uniq_sonja
Lair:3:   st_stairs_10, serial_bayou_shore_b, grunt_megastairs_3
Lair:4:   minmay_swamp_entry_swarm, spider_nest_entry_webs, grunt_megastairs_1,
          lemuel_fruit_fields
Lair:5:   serial_bayou, serial_bayou_crossing, serial_bayou_pond_b,
          serial_bayou_pond_c, serial_bayou_pond_a, st_stairs_4,
          serial_bayou_shore_b, infiniplex_staircase_pool, serial_bayou_shore_a,
          uniq_maud
Lair:6:   minmay_lair_oklob_items, minmay_slime_entry_pillars, minivault_27,
          beast_lair_carwin_10
Lair:8:   hangedman_lair_in_review, st_stairs_12, minivault_11,
          infiniplex_staircase_pool_2
Orc:1:    serial_shops, shop_scrolls
Orc:2:    pf_orc_diabolical, elves_outpost_lemuel
Sewer:    sewer_co_purgy_island

Action                   |  1- 3 |  4- 6 |  7- 9 | 10-12 | 13-15 | 16-18 || total
-------------------------+-------+-------+-------+-------+-------+-------++-------
Melee: War axe           |    86 |   273 |   349 |   310 |       |       ||  1018
       Battleaxe         |       |       |       |   518 |  1193 |       ||  1711
       Flail             |       |       |       |       |    30 |       ||    30
       Executioner's axe |       |       |       |       |   119 |   213 ||   332
       Maul              |       |       |       |       |    20 |       ||    20
Invok: Greater Servant o |       |       |       |       |     1 |       ||     1
 Abil: Fly               |       |       |       |       |     1 |       ||     1
Evoke: Wand              |       |       |       |    12 |     7 |       ||    19
  Use: Potion            |       |     3 |     3 |     9 |     6 |     1 ||    22
       Scroll            |       |       |    16 |     8 |    10 |     3 ||    37
 Stab: Sleeping          |       |     1 |       |     1 |       |       ||     2
       Distracted        |       |       |       |     1 |     1 |       ||     2
       Paralysed         |       |       |       |     2 |       |       ||     2
  Eat: Chunk             |     1 |     8 |     2 |     6 |    14 |     4 ||    35
       Bread ration      |       |     1 |       |     2 |       |       ||     3
       Meat ration       |       |       |     2 |     2 |     1 |       ||     5
       Fruit             |       |       |     3 |    11 |     6 |       ||    20
       Beef jerky        |       |       |       |     1 |     2 |       ||     3
       Royal jelly       |       |       |       |       |     1 |       ||     1
